Map: [ESL] Royal Blood

Players

Reynor - Winner!

  • Race: Zerg Zerg
  • Spawn Location: 7:00

Maru

  • Race: Terran Terran
  • Spawn Location: 1:00

Event: ESL SC2 Masters 2023 Summer (Finals)

VOD

Have the link to the VOD?

Description

Time

  • Played on: June 16, 2023, 5:34 a.m.
  • Length: 13:40

All games in this series

Show
View Real Time Build Order
Export as new Build Order

Reynor Zerg - Winner!

Build Orders: Hatch First 

Get SALT Encoding   

  12  0:00  Drone  
  13  0:12  Overlord  
  13  0:16  Drone  
  14  0:30  Drone x2  
  16  0:47  Hatchery  
  15  0:50  Drone  
  15  0:54  Drone  
  17  0:57  Drone  
  18  1:08  Extractor  
  17  1:13  Spawning Pool  
  17  1:16  Drone  
  17  1:19  Drone  
  18  1:28  Drone  
  19  1:39  Drone  
  20  1:50  Overlord  
  20  1:59  Queen x2  
  20  2:00  Zergling x4  
  26  2:09  Metabolic Boost  
  26  2:10  Drone  
  26  2:12  Drone  
  28  2:21  Drone, Spore Crawler  
  28  2:22  Drone  
  29  2:31  Zergling x2  
  29  2:35  Queen, Zergling x2  
  33  2:42  Overlord  
  33  2:44  Drone  
  33  2:51  Queen  
  33  2:57  Overlord  
  35  3:00  Drone  
  35  3:04  Drone x2  
  38  3:10  Drone  
  38  3:14  Zergling x2  
  38  3:15  Zergling x4  
  41  3:25  Drone x2  
  43  3:30  Drone  
  43  3:33  Hatchery  
  43  3:37  Drone  
  43  3:40  Overlord  
  44  3:42  Drone x3  
  44  3:46  Drone  
  48  3:50  Queen  
  48  3:53  Overlord  
  50  3:57  Drone  
  50  3:59  Drone x2  
  50  4:02  Extractor, Drone  
  53  4:05  Evolution Chamber  
  53  4:07  Drone  
  53  4:11  Zergling x2  
  53  4:13  Queen  
  56  4:17  Drone  
  56  4:20  Overlord  
  57  4:26  Drone  
  57  4:28  Queen  
  57  4:30  Drone x3  
  63  4:35  Zergling x2  
  63  4:37  Zerg Ground Armor Level 1  
  64  4:40  Zergling x4  
  64  4:45  Zergling x2, Baneling Nest  
  66  4:48  Drone x2  
  66  4:50  Drone  
  66  4:51  Drone  
  70  4:56  Drone x2  
  70  4:59  Drone x2  
  74  5:03  Lair  
  74  5:05  Overlord  
  74  5:08  Drone  
  74  5:09  Drone  
  74  5:11  Drone  
  77  5:15  Zergling x2  
  77  5:18  Zergling x4  
  77  5:20  Overlord  
  82  5:21  Drone x2  
  82  5:24  Zergling x2  
  82  5:26  Zergling x2  
  82  5:28  Extractor, Zergling x2  
  80  5:29  Zergling x2  
  80  5:30  Overlord  
  82  5:37  Baneling x7  
  82  5:38  Overlord  
  82  5:40  Drone x3  
  82  5:41  Drone, Zergling x2  
  87  5:47  Zergling x4  
  89  5:56  Drone  
  90  6:00  Centrifugal Hooks  
  90  6:01  Zergling x4  
  90  6:02  Zergling x6  
  95  6:04  Hatchery  
  95  6:10  Zergling x4  
  95  6:11  Zergling x10  
  98  6:12  Zergling x4  
  98  6:18  Drone  
  98  6:27  Overlord  
  98  6:31  Hatchery  
  98  6:32  Zerg Ground Armor Level 2  
  97  6:33  Overlord  
  97  6:36  Evolution Chamber  
  97  6:37  Drone  
  97  6:43  Overlord  
  97  6:46  Drone  
  98  6:47  Zergling x10  
  98  6:49  Baneling x7  
  98  6:50  Spore Crawler  
  98  6:53  Zergling x4  
  104  6:57  Queen x2, Zergling x6  
  107  7:02  Zergling x2  
  107  7:06  Zergling x12  
  107  7:07  Zerg Melee Weapons Level 1  
  114  7:08  Zergling x4  
  114  7:13  Baneling x4  
  116  7:18  Zergling x4  
  114  7:26  Zergling x8  
  114  7:29  Zergling x2  
  98  7:30  Zergling x2  
  98  7:33  Baneling x7  
  98  7:37  Zergling x14  
  98  7:38  Queen  
  98  7:42  Queen  
  109  7:45  Zergling x2  
  109  7:50  Zergling x4  
  110  7:54  Queen  
  110  7:56  Zergling x2  
  110  7:57  Zergling x2  
  96  7:58  Zergling x2  
  96  8:00  Zergling x2  
  96  8:01  Zergling x4  
  96  8:05  Zergling x2  
  96  8:08  Baneling x8  
  96  8:09  Zergling x6  
  96  8:10  Zergling x4  
  96  8:12  Extractor  
  100  8:16  Drone  
  101  8:20  Drone  
  101  8:22  Zergling x2  
  101  8:25  Baneling x3  
  103  8:27  Hatchery, Zergling x2  
  103  8:29  Queen  
  103  8:30  Queen  
  106  8:35  Zergling x4  
  106  8:42  Queen, Zergling x10  
  106  8:44  Overlord  
  113  8:49  Overlord  
  113  8:53  Overlord  
  113  8:59  Extractor  
  113  9:01  Overlord x2  
  111  9:03  Zergling x4  
  111  9:04  Zergling x2  
  111  9:05  Baneling  
  111  9:06  Baneling x5  
  111  9:08  Zergling x12  
  120  9:12  Drone x2  
  120  9:15  Burrow  
  122  9:18  Queen  
  122  9:20  Zergling x2  
  122  9:23  Zergling x4  
  118  9:32  Zergling x4  
  118  9:36  Zergling x8  
  116  9:40  Zergling x6  
  116  9:42  Zergling x2  
  115  9:46  Hatchery  
  115  9:51  Drone x4  
  115  9:52  Spore Crawler  
  112  9:53  Drone  
  112  9:55  Drone  
  112  9:56  Infestation Pit, Zerg Melee Weapons Level 2  
  113  10:01  Zergling x4  
  113  10:03  Baneling x3  
  113  10:06  Zergling x6  
  116  10:08  Zergling x4  
  116  10:11  Zergling x2  
  116  10:12  Zergling x2  
  114  10:15  Zergling x2  
  114  10:18  Zergling x2  
  106  10:23  Zergling x12  
  107  10:30  Drone x5  
  107  10:31  Drone  
  107  10:32  Drone  
  110  10:38  Drone x2  
  110  10:39  Drone x3  
  110  10:41  Zergling x2  
  116  10:43  Baneling x8  
  116  10:49  Hive  
  116  10:52  Zergling x6  
  119  11:01  Zergling x10  
  119  11:02  Zergling x2  
  125  11:05  Drone x4  
  125  11:06  Drone, Overlord  
  125  11:09  Zergling x4  
  125  11:10  Zergling x4  
  134  11:18  Zergling x8  
  138  11:19  Overlord  
  138  11:25  Zergling x2  
  138  11:26  Zergling x8  
  138  11:27  Overlord  
  138  11:28  Queen  
  138  11:29  Zergling x2  
  138  11:30  Queen  
  148  11:33  Baneling x11  
  148  11:34  Zergling x2  
  148  11:38  Zergling x2  
  148  11:39  Zergling x8  
  152  11:43  Overlord  
  152  11:46  Zergling x4  
  151  11:57  Zergling x12  
  151  12:01  Zergling x10  
  160  12:02  Viper x3  
  160  12:05  Zergling x2  
  160  12:07  Zergling x4  
  174  12:09  Overlord  
  174  12:12  Zergling x8  
  174  12:14  Zergling x2  
  178  12:19  Baneling x8  
  178  12:26  Zergling x14  
  178  12:29  Pneumatized Carapace  
  184  12:30  Overlord  
  184  12:31  Extractor, Zergling x4  
  184  12:33  Zergling x4  
  184  12:34  Zergling x4  
  184  12:36  Zergling x2  
  184  12:37  Zergling x4  
  186  12:39  Overlord  
  180  12:45  Overlord  
  180  12:50  Zergling x18  
  181  13:01  Zergling x8  
  181  13:03  Queen  
  172  13:14  Zergling x18  
  164  13:22  Zergling x8  
Show
View Real Time Build Order
Export as new Build Order

Maru Terran 

Build Orders:  

Get SALT Encoding   

  12  0:00  SCV  
  13  0:12  SCV  
  14  0:18  Supply Depot  
  14  0:24  SCV  
  15  0:40  Barracks, SCV  
  16  0:43  Refinery  
  16  0:52  SCV  
  17  0:59  Barracks  
  17  1:04  SCV  
  18  1:16  SCV  
  19  1:23  Barracks  
  19  1:28  Reaper  
  20  1:35  Orbital Command  
  20  1:42  Refinery  
  20  1:46  Reaper  
  21  1:53  Supply Depot  
  21  2:01  SCV  
  22  2:03  Reaper  
  23  2:15  SCV, Reaper  
  25  2:16  Supply Depot  
  25  2:23  Reaper  
  25  2:27  SCV  
  27  2:36  Reaper  
  28  2:41  SCV  
  29  2:47  Reaper  
  30  2:55  Reaper  
  30  2:57  Command Center  
  31  3:00  SCV  
  32  3:08  Reaper  
  32  3:12  SCV  
  34  3:13  Supply Depot  
  35  3:23  Barracks Tech Lab  
  35  3:25  SCV  
  35  3:32  Barracks Reactor  
  35  3:37  SCV, Factory  
  36  3:42  Marine  
  36  3:46  Barracks Reactor  
  37  3:51  SCV  
  38  4:00  Stimpack, Marine  
  39  4:03  SCV  
  39  4:08  Marine x2, Engineering Bay  
  42  4:13  Orbital Command  
  42  4:15  SCV  
  43  4:20  Marine  
  43  4:24  Starport  
  44  4:27  SCV, Factory Reactor  
  45  4:32  Marine, Refinery  
  45  4:34  Marine  
  45  4:37  Marine  
  48  4:38  Marine  
  48  4:39  SCV  
  48  4:40  SCV  
  51  4:47  Supply Depot  
  51  4:48  Terran Infantry Weapons Level 1  
  51  4:51  Marine, SCV  
  54  4:52  SCV  
  54  4:56  Marine  
  55  5:00  Supply Depot  
  55  5:02  Marine x2  
  55  5:03  SCV, Marine  
  55  5:05  SCV  
  60  5:10  Medivac  
  60  5:14  Medivac  
  64  5:16  SCV  
  64  5:17  Marine x2  
  64  5:18  SCV  
  68  5:25  Marine  
  68  5:26  Factory Tech Lab, Supply Depot  
  68  5:28  SCV  
  70  5:31  SCV  
  70  5:34  Marine  
  70  5:35  Marine  
  73  5:39  Combat Shield  
  73  5:40  SCV  
  74  5:44  Siege Tank  
  74  5:49  SCV  
  78  5:50  Marine x2  
  78  5:51  Supply Depot  
  78  5:54  SCV  
  81  5:57  Medivac, Refinery  
  81  6:00  Marine x2  
  81  6:02  Marine  
  84  6:14  Marine x2  
  84  6:16  Siege Tank  
  84  6:18  Marine  
  83  6:20  Supply Depot  
  83  6:21  SCV x2, Marine  
  83  6:22  Marine  
  83  6:25  Medivac  
  89  6:27  Supply Depot  
  89  6:32  Marine x2  
  91  6:35  Supply Depot  
  91  6:36  Marine  
  91  6:39  Marine x2  
  93  6:42  Terran Infantry Armor Level 1  
  94  6:48  Siege Tank  
  94  6:50  Marine x2  
  94  6:53  Marine  
  99  6:57  Marine x2  
  99  7:00  Medivac  
  103  7:04  Medivac  
  103  7:06  Supply Depot  
  103  7:07  Marine  
  103  7:08  Marine  
  107  7:11  Marine  
  107  7:15  Marine x2  
  108  7:25  Marine x2  
  108  7:28  Siege Tank  
  108  7:29  Marine  
  106  7:32  Medivac  
  106  7:33  Marine x2  
  110  7:43  Marine x2  
  112  7:47  Marine  
  112  7:49  Command Center  
  112  7:50  Marine  
  112  7:51  Marine  
  82  8:01  Marine x2  
  82  8:03  Siege Tank  
  82  8:05  Marine, SCV x2  
  86  8:08  Marine  
  86  8:09  Marine  
  86  8:12  Barracks  
  89  8:19  Barracks, Marine x2  
  91  8:23  Marine  
  91  8:24  Liberator  
  91  8:25  Liberator  
  91  8:26  Marine x2  
  100  8:37  Marine x2  
  100  8:40  Marine  
  100  8:44  Marine x2, Siege Tank  
  105  8:54  Marine x2  
  107  8:56  Armory  
  107  8:58  Marine, Engineering Bay  
  107  9:02  Marine x2  
  110  9:07  Barracks Reactor x2  
  110  9:10  SCV x2  
  110  9:12  Marine x2  
  110  9:16  Marine  
  115  9:19  Marine  
  115  9:21  Siege Tank  
  115  9:22  SCV x2  
  115  9:23  Orbital Command  
  121  9:29  Marine  
  121  9:30  Marine x2  
  120  9:34  Marine, SCV x2  
  120  9:37  Marine  
  105  9:46  SCV x2  
  105  9:47  Marine x3  
  110  9:53  SCV  
  110  9:58  SCV x2  
  113  10:01  Terran Infantry Weapons Level 2, Terran Infantry Armor Level 2  
  113  10:08  Siege Tank  
  113  10:10  SCV  
  113  10:11  SCV  
  113  10:13  Marine  
  116  10:18  Marine x2  
  102  10:23  SCV x2, Marine  
  102  10:25  Liberator  
  102  10:26  Liberator  
  110  10:35  SCV x2  
  112  10:38  Terran Vehicle Weapons Level 1  
  112  10:39  Marine x5  
  112  10:40  Marine, Siege Tank  
  121  10:46  Marine x2, Supply Depot, Factory  
  121  10:47  SCV x2  
  125  10:51  Marine  
  125  10:56  Marine x2, Supply Depot  
  125  10:57  Marine  
  127  10:58  SCV  
  127  10:59  SCV  
  127  11:01  Marine x2  
  133  11:05  Marine x2  
  133  11:10  Liberator x2  
  141  11:12  Marine  
  141  11:13  Marine, Supply Depot  
  141  11:16  Siege Tank  
  146  11:18  Marine x2  
  146  11:25  Marine x3  
  148  11:29  Supply Depot  
  151  11:34  Factory Tech Lab  
  151  11:38  Marine x5, Marauder  
  158  11:43  Marine  
  159  11:48  Siege Tank  
  159  11:53  Liberator x2  
  159  11:54  Marine x2  
  156  11:56  Marine x2  
  159  12:01  Siege Tank  
  162  12:10  Supply Depot  
  162  12:11  Marine x2  
  162  12:12  Marine  
  162  12:13  Marine, Refinery x2  
  162  12:14  Marine  
  167  12:21  Siege Tank  
  170  12:27  Marine  
  170  12:28  Marine x2  
  173  12:32  Marine x2  
  173  12:34  Siege Tank  
  173  12:36  Liberator  
  169  12:37  Marine  
  156  12:45  Marine  
  156  12:46  Marine x2  
  156  12:48  SCV  
  157  12:53  Siege Tank  
  157  12:56  SCV x2  
  162  13:03  Marine x2  
  162  13:04  Marine  
  165  13:08  Supply Depot  
  165  13:17  Marine x4  
Tags
 
Add a new tag
Caveats
  • Supply blocks, unpowered buildings, or Contaminate may cause inaccurate times.
  • Supply counts are checked every 10 seconds.